 Dungeon Sprint DCSS version 0.17-a0-1468-gbf503c2 (webtiles) character file.

44 pulse the Shield-Bearer (level 3, -5/32 HPs)
             Began as a Formicid Fighter on July 1, 2015.
             Was an Initiate of Trog.
             Slain by a hill giant
             ... wielding a +0 giant club
              (28 damage)
             ... in the Dungeon (Sprint IX: "|||||||||||||||||||||||||||||").
             The game lasted 00:00:53 (180 turns).

pulse the Shield-Bearer (Formicid Fighter)           Turns: 180, Time: 00:00:54

Health: -5/32      AC:  9    Str: 21    XL:     3   Next: 85%
Magic:  3/3        EV:  9    Int: 10    God:    Trog [......]
Gold:   0          SH: 10    Dex: 13    Spells: 0 memorised, 2 levels left

rFire  . . .     SeeInvis +     o - +2 halberd (venom)
rCold  . . .     Clarity  .     q - +1 scale mail
rNeg   . . .     SustAt   .     c - +0 shield
rPois  .         Gourm    .     (helmet unavailable)
rElec  .         Spirit   .     (no cloak)
rCorr  .         Warding  .     p - +0 pair of gloves
rMut   .         Stasis   +     (no boots)
MR     .....                    (no amulet)
Stlth  ..........               s - +3 ring of intelligence
                                r - +3 ring of dexterity

@: not resistant to hostile enchantments, extremely unstealthy
A: permanent stasis, dig shafts and tunnels, four strong arms, antennae 3
a: Dig, Burn Spellbooks, Renounce Religion


You were in the Dungeon.
You worshipped Trog.
Trog was noncommittal.
You were not hungry.

You visited 1 branch

Inventory:

Hand weapons
 a - a +0 trident
 o - a +2 halberd of venom (weapon)
Armour
 b - a +0 scale mail
 c - a +0 shield (worn)
 p - a +0 pair of gloves (worn)
 q - a +1 scale mail (worn)
Jewellery
 r - a +3 ring of dexterity (left hand)
 s - a +3 ring of intelligence (right hand)
Magical devices
 n - a wand of fire (6)
Scrolls
 k - 2 scrolls of blinking
 m - 3 scrolls of remove curse
Potions
 d - a potion of might
 f - 5 potions of curing
 g - a potion of invisibility
 h - a potion of haste
 i - 4 potions of magic
 j - a potion of berserk rage
 l - 2 potions of heal wounds
Comestibles
 e - a bread ration


   Skills:
 + Level 4.9 Fighting
 * Level 3.2 Polearms
 + Level 4.8 Armour
 - Level 1.0 Dodging
 + Level 5.9 Shields


You had 2 spell levels left.
You didn't know any spells.

Dungeon Overview and Level Annotations

Branches:
Dungeon (1/1)

Altars:
Cheibriados
Dithmenos
Elyvilon
Fedhas
Gozag
Kikubaaqudgha
Makhleb
Nemelex Xobeh
Okawaru
Qazlal
Ru
Sif Muna
Trog
Vehumet
Xom
Yredelemnul
Zin
The Shining One
Beogh
Jiyva
Lugonu


Innate Abilities, Weirdness & Mutations

You are under a permanent stasis effect.
You can dig through walls and to a lower floor.
Your four strong arms can wield two-handed weapons with a shield.
You have a pair of large antennae on your head (SInv).


Message History

The hill giant is lightly wounded.
The bolt of fire hits the necrophage.
The necrophage is heavily damaged.
This wand has 6 charges left.
There is an open door to the Dungeon here.
You see here a club.
You puncture the hill giant!
The hill giant is heavily wounded.
You block the hill giant's attack.
You hit the hill giant.
The hill giant is poisoned.
The hill giant is heavily wounded.
The hill giant hits you with a giant club!
You puncture the hill giant!
The hill giant looks even sicker.
The hill giant is severely wounded.
You block the hill giant's attack. The hill giant barely misses you.
You hit the hill giant.
The hill giant is severely wounded.
The hill giant hits you with a giant club!!
Ouch! That really hurt!
You die... { {{{{{{{{ {{{{{{{{ ▓▓▓▓▓▓▓▓▓▓▓▓▓▓▓▓▓▓▓▓▓▓▓▓ ______'.?|).[...@CnCgz.+ ▓▓▓▓▓▓▓▓▓▓▓▓▓▓▓▓▓▓▓▓▓▓▓▓

You could see 2 hill giants, a necrophage, a wight and a hobgoblin.

Vanquished Creatures
  An iguana (D)
  An adder zombie (D)
  An orc (D)
  A bat zombie (D)
  3 goblins (D)
  A hobgoblin (D)
  A jackal (D)
  A bat (D)
  A kobold (D)
11 creatures vanquished.

Notes
Turn   | Place    | Note
--------------------------------------------------------------
     0 | D        | pulse the Formicid Fighter began the quest for the Orb.
     0 | D        | Reached XP level 1. HP: 18/18 MP: 1/1
    19 | D        | Reached skill level 4 in Shields
    34 | D        | Noticed an iguana
    44 | D        | Reached XP level 2. HP: 25/25 MP: 2/2
    57 | D        | Killed an iguana
    57 | D        | Reached skill level 1 in Dodging
    57 | D        | Reached skill level 5 in Shields
    57 | D        | Reached XP level 3. HP: 22/32 MP: 3/3
   111 | D        | Found a glowing silver altar of Zin.
   111 | D        | Found a glowing golden altar of the Shining One.
   111 | D        | Found an ancient bone altar of Kikubaaqudgha.
   111 | D        | Found a basalt altar of Yredelemnul.
   111 | D        | Found a shimmering altar of Xom.
   111 | D        | Found a radiant altar of Vehumet.
   112 | D        | Found an iron altar of Okawaru.
   113 | D        | Found a burning altar of Makhleb.
   114 | D        | Found a deep blue altar of Sif Muna.
   115 | D        | Found a bloodstained altar of Trog.
   116 | D        | Found a sparkling altar of Nemelex Xobeh.
   117 | D        | Found a white marble altar of Elyvilon.
   118 | D        | Found a roughly hewn altar of Beogh.
   119 | D        | Found a viscous altar of Jiyva.
   120 | D        | Found a corrupted altar of Lugonu.
   121 | D        | Found a blossoming altar of Fedhas.
   122 | D        | Found a snail-covered altar of Cheibriados.
   123 | D        | Became a worshipper of Trog the Wrathful
   124 | D        | Found a shadowy altar of Dithmenos.
   125 | D        | Found a stormy altar of Qazlal.
   126 | D        | Found an opulent altar of Gozag.
   127 | D        | Found a sacrificial altar of Ru.
   174 | D        | Noticed a necrophage
   174 | D        | Noticed a hill giant
   174 | D        | Noticed a wight
   174 | D        | Noticed a hill giant
   180 | D        | Slain by a hill giant

Vault maps used:
D:        linesprint

Action                   || total
-------------------------++-------
Melee: Trident           ||    55
       Halberd           ||     4
Evoke: Wand              ||     1
  Use: Potion            ||     1
